 Dungeon Crawl Stone Soup version 0.32-a0-132-g2d33c3cfaf (webtiles) character file.

Game seed: 16503521028837662070

25 graurdoll the Chopper (level 3, -6/30 HPs)
             Began as a Hill Orc Reaver on Feb 9, 2024.
             Mangled by a ribbon worm (7 damage)
             ... on level 2 of the Dungeon.
             The game lasted 00:12:34 (619 turns).

graurdoll the Chopper (Hill Orc Reaver)              Turns: 619, Time: 00:12:35

Health: -6/30      AC:  3    Str: 16    XL:     3   Next: 6%
Magic:  5/5        EV: 11    Int: 13    God:
Gold:   10         SH:  0    Dex:  9    Spells: 4/5 levels left

rFire   . . .        a - +0 hand axe
rCold   . . .        (no shield)
rNeg    . . .        b - +0 leather armour
rPois   .            (no helmet)
rElec   .            (no cloak)
rCorr   .            (no gloves)
SInv    .            (no boots)
Will    .....        (no amulet)
Stlth   +            (no ring)
HPRegen 0.25/turn    (no ring)
MPRegen 0.09/turn

%: no passive effects
@: no status effects
A: no striking features
a: no special abilities


You were on level 2 of the Dungeon.
You visited 1 branch of the dungeon, and saw 2 of its levels.

You collected 10 gold pieces.

Inventory:

Hand Weapons
 a - a +0 hand axe (weapon)
 e - a +0 dagger
Armour
 b - a +0 leather armour (worn)
 c - a +0 leather armour
 g - a +0 robe
 h - a +0 ring mail
 i - a +0 robe
Scrolls
 d - 2 scrolls of identify {unknown}
 f - a scroll of noise {unknown}
 j - a scroll of vulnerability {unknown}
Potions
 k - a potion of curing {unknown}


   Skills:
 + Level 2.5 Fighting
 + Level 4.4 Axes
 + Level 1.0 Armour
 + Level 1.9 Dodging
 + Level 1.6 Spellcasting
 + Level 3.2 Conjurations


You had 4 spell levels left.
You knew the following spells:

 Your Spells              Type           Power      Damage    Failure   Level
a - Kiss of Death         Conj/Necr      20%        2d7       17%         1

Your spell library contained the following spells:

 Spells                   Type           Power      Damage    Failure   Level
 Momentum Strike          Conj/Tloc      10%        3d8       26%         2
 Hailstorm                Conj/Ice       5%         3d5       45%         3
 Call Canine Familiar     Summ           1%         N/A       69%         3
 Sigil of Binding         Hex            1%         N/A       69%         3
 Dimensional Bullseye     Hex/Tloc       0%         N/A       97%         4


Dungeon Overview and Level Annotations

Branches:
Dungeon (2/15)

Altars:


Message History

The ribbon worm barely misses you.
You hit the ribbon worm.
The ribbon worm is heavily wounded.
You hit the rat. The rat barely misses you. The ribbon worm bites you.
* * * LOW HITPOINT WARNING * * *
You hit the ribbon worm.
The ribbon worm is severely wounded.
You closely miss the rat. The rat bites you but does no damage.
The ribbon worm expels a string of sticky webbing.
The stream of webbing misses you.
You barely miss the ribbon worm.
The ribbon worm is severely wounded.
You closely miss the rat. The rat bites you but does no damage.
The ribbon worm bites you but does no damage.
You hit the ribbon worm.
The ribbon worm is severely wounded.
You closely miss the rat. The rat bites you but does no damage.
The ribbon worm closely misses you.
You hit the ribbon worm.
The ribbon worm is almost dead.
You hit the rat but do no damage. The rat bites you.
* * * LOW HITPOINT WARNING * * *
You barely miss the ribbon worm.
The ribbon worm is almost dead.
You hit the rat.
You kill the rat!
The ribbon worm expels a string of sticky webbing.
The stream of webbing hits you but does no damage.
You are caught in a web!
You struggle to detach yourself from the web.
The ribbon worm bites you.
* * * LOW HITPOINT WARNING * * *
The web tears apart.
The ribbon worm barely misses you.
You barely miss the ribbon worm.
The ribbon worm is severely wounded.
The ribbon worm barely misses you.
You hit the ribbon worm.
The ribbon worm is almost dead.
The ribbon worm bites you!
You die...

### ### # ####.# #.#.#
#.##.# #####.#.#####
##.##.######............
.............###@#
##.##.######....w#
.<..............†.......
##.##.#........<........
#.##.#.####.#.#.#.#####
#.##.. . .......#.#
#.##.. )...........
..##.# ##.........##
###.#.....#


You could see a ribbon worm (catching breath).

Vanquished Creatures
  An adder (D:2)
  A dart slug (D:2)
  2 ball pythons (D:1)
  2 endoplasms (D:1)
  A giant cockroach (D:1)
  A kobold (D:1)
  A quokka (D:1)
  A bat (D:2)
  5 rats
15 creatures vanquished.

Notes
Turn   | Place    | Note
-------+----------+-------------------------------------------
     0 | D:1      | graurdoll the Hill Orc Reaver began the quest for the Orb.
     0 | D:1      | Reached XP level 1. HP: 18/18 MP: 3/3
   259 | D:1      | Reached XP level 2. HP: 22/25 MP: 4/4
   603 | D:2      | Reached XP level 3. HP: 13/30 MP: 5/5
   608 | D:2      | Reached skill level 1 in Armour
   616 | D:2      | HP: 1/30 [ribbon worm (2)]
   619 | D:2      | Mangled by a ribbon worm

Illustrated notes

Levels and vault maps discovered:
D:1:      eino_arrival_cavern_a, layout_basic
D:2:      layout_basic, serial_shops, shop, nrook_loot_triangle, minmay_3d_cube

Skill      XL: |  1  2  3 |
---------------+----------+-----
Armour         | 1 |  1.0
Fighting       | |  2.5
Axes           | |  4.4
Dodging        | |  1.9
Spellcasting   | |  1.6
Conjurations   | |  3.2

Action                     || total
---------------------------++-------
  Melee: Hand axe          ||    50
         Punch             ||     3
 Armour: Leather armour    ||    32
  Dodge: Dodged            ||    33

Table legend: (Time is in decaauts)
 A = Elapsed time spent in this place.
 B = Non-inter-level travel time spent in this place.
 C = Inter-level travel time spent in this place.
 D = Time resting spent in this place.
 E = Time spent auto-exploring this place.
 F = Levels seen in this place.
 G = Mean time per level.
                   A        B        C        D        E       F      G
               +--------+--------+--------+--------+--------+-----+--------+
         Total |    623 |    612 |     11 |      0 |      0 |   2 |  311.5 |
       Dungeon |    623 |    612 |     11 |      0 |      0 |   2 |  311.5 |
               +--------+--------+--------+--------+--------+-----+--------+

Top non-repeatable levels by time:
     D:1: 498 daAuts
     D:2: 124 daAuts
